 Dungeon Crawl Stone Soup version 0.22-a0-109-gbeb7240 (webtiles) character file.

9296 nono the Fighter (level 11, -11/196 HPs)
             Began as an Ogre Fighter on Jan 26, 2018.
             Was a High Priest of Okawaru.
             Mangled by a nine-headed hydra (12 damage)
             ... on level 1 of the Lair of Beasts.
             The game lasted 00:36:47 (12559 turns).

nono the Fighter (Ogre Fighter)                    Turns: 12559, Time: 00:36:49

Health: -11/196    AC:  7    Str: 25    XL:     11   Next: 44%
Magic:  2/5        EV: 10    Int: 19    God:    Okawaru [*****.]
Gold:   407        SH:  0    Dex:  8    Spells: 11/15 levels left

rFire    + . .     SeeInvis .   v - +9 halberd of Hul Per {antimagic, MR+ Str-2 Int+7}
rCold    + . .     Gourm    .   (shield currently unavailable)
rNeg     + . .     Faith    .   C - +2 robe {rF+}
rPois    .         Spirit   .   (helmet restricted)
rElec    .         Reflect  .   J - +1 cloak
rCorr    .         Harm     .   (gloves unavailable)
MR       ++...                  (boots unavailable)
Stlth    ..........             O - amulet of regeneration
HPRegen  0.82/turn              I - ring of positive energy
MPRegen  0.09/turn              U - ring of protection from cold

@: berserking, very quick
A: large, unfitting armour, tough skin 1
a: Heroism, Finesse, Renounce Religion


You were on level 1 of the Lair of Beasts.
You worshipped Okawaru.
Okawaru was extremely pleased with you.
You were not hungry.

You visited 3 branches of the dungeon, and saw 13 of its levels.
You also visited: Ossuary.

You collected 587 gold pieces.
You spent 180 gold pieces at shops.

Inventory:

Hand Weapons
 a - a +0 flail
 u - a +0 dagger of venom
 v - the +9 halberd of Hul Per (weapon) {antimagic, MR+ Str-2 Int+7}
   (You bought it in a shop on level 5 of the Dungeon)

   It reduces the magical energy of the wielder, and disrupts the spells and
   magical abilities of those hit.
   Natural abilities and divine invocations are not affected.
   It affects your strength (-2).
   It affects your intelligence (+7).
   It affects your resistance to hostile enchantments.
 R - a +1 dagger of electrocution
Missiles
 l - 9 tomahawks (quivered)
Armour
 b - a +0 robe
 c - a +0 shield
 C - a +2 robe of fire resistance (worn)
 J - a +1 cloak (worn)
Jewellery
 k - an uncursed amulet of magic regeneration
 I - a ring of positive energy (left hand)
 O - an amulet of regeneration (around neck)
 S - an uncursed ring of fire
 U - a ring of protection from cold (right hand)
Wands
 y - a wand of flame (25)
 F - a wand of enslavement (12)
 N - a wand of paralysis (10)
 P - a wand of disintegration (7)
Scrolls
 d - 3 scrolls of amnesia {unknown}
 g - 5 scrolls of teleportation
 j - 7 scrolls of noise
 m - 4 scrolls of magic mapping {unknown}
 q - 4 scrolls of fear {unknown}
 s - 3 scrolls of enchant armour {unknown}
 t - 3 scrolls of blinking {unknown}
 w - 6 scrolls of remove curse
 B - a scroll of identify
 E - 2 scrolls of enchant weapon {unknown}
 K - 5 scrolls of immolation {unknown}
 L - 4 scrolls of random uselessness {unknown}
Potions
 e - a potion of berserk rage
 h - 2 potions of lignification
 i - a potion of resistance
 n - a potion of cancellation
 o - 4 potions of flight
 p - 7 potions of mutation
 r - 8 potions of degeneration {unknown}
 x - 2 potions of haste
 D - 4 potions of curing
 G - 3 potions of heal wounds
 M - a potion of brilliance
Books
 z - a book of Cantrips

   Spells                             Type                      Level
   a - Confusing Touch                Hexes                        1
   b - Animate Skeleton               Necromancy                   1
   c - Summon Small Mammal            Summoning                    1
   d - Apportation                    Translocation                1
 A - a book of Cantrips

   Spells                             Type                      Level
   a - Confusing Touch                Hexes                        1
   b - Animate Skeleton               Necromancy                   1
   c - Summon Small Mammal            Summoning                    1
   d - Apportation                    Translocation                1
 H - a book of Clouds

   Spells                             Type                      Level
   a - Poisonous Vapours              Poison/Air                   2
   b - Mephitic Cloud                 Conjuration/Poison/Air       3
   c - Conjure Flame                  Conjuration/Fire             3
   d - Freezing Cloud                 Conjuration/Ice/Air          6
   e - Ring of Flames                 Charms/Fire                  7
 V - the Disquisition on Confrontation and Stones
   (You found it on level 10 of the Dungeon)

   Spells                             Type                      Level
   a - Sting                          Conjuration/Poison           1
   b - Irradiate                      Conjuration/Transmutation    5
   c - Bolt of Magma                  Conjuration/Fire/Earth       5
   d - Bolt of Cold                   Conjuration/Ice              6
Comestibles
 f - 16 rations
 Q - 4 chunks of flesh


   Skills:
 + Level 14.4 Fighting
 - Level 4.6 Maces & Flails
 + Level 11.8 Polearms
 - Level 2.6 Dodging
 - Level 2.6 Shields
 - Level 2.9 Spellcasting
 - Level 2.3 Necromancy


You had 11 spell levels left.
You knew the following spells:

 Your Spells              Type           Power        Failure   Level  Hunger
a - Animate Skeleton      Necr           N/A          6%          1    None
b - Apportation           Tloc           #.....       16%         1    None
c - Summon Small Mammal   Summ           #...         16%         1    None
d - Sting                 Conj/Pois      #...         16%         1    None


Dungeon Overview and Level Annotations

Branches:
Dungeon (11/15)            Temple (1/1) D:5            Lair (1/6) D:9
    Orc: D:9-12

Altars:
Ashenzari
Cheibriados
Dithmenos
Hepliaklqana
Kikubaaqudgha
Makhleb
Okawaru
Qazlal
Sif Muna
Trog
Vehumet
Xom
Zin
The Shining One

Shops:
D:5 *   D:7 [

Annotations:
D:3 Grinder


Innate Abilities, Weirdness & Mutations

You are too large for most types of armour.
You have tough skin. (AC +1)


Message History

* * * LOW HITPOINT WARNING * * *
You slice one of the eight-headed hydra's heads off!
The seven-headed hydra grows two more!
You hit the nine-headed hydra.
The nine-headed hydra is heavily wounded.
The wolf bites you but does no damage. The wolf bites you.
* * * LOW HITPOINT WARNING * * *
The wolf bites you but does no damage. The wolf misses you.
The nine-headed hydra bites you but does no damage.
The nine-headed hydra bites you.
* * * LOW HITPOINT WARNING * * *
The nine-headed hydra bites you!
* * * LOW HITPOINT WARNING * * *
The nine-headed hydra bites you!
* * * LOW HITPOINT WARNING * * *
The nine-headed hydra bites you.
* * * LOW HITPOINT WARNING * * *
The nine-headed hydra bites you!
* * * LOW HITPOINT WARNING * * *
The nine-headed hydra bites you!
You die...

# #
####.########.
##.#.?........#..
#...<..........!.
##..............#
#..............#
##......t.......
##....hDh......
#....h@h......
##...h.....###
######..### ###


You could see a nine-headed hydra, a crocodile and 5 wolves.

Vanquished Creatures
  A two-headed ogre (D:8)
  The ghost of Demitroll the Ruffian, a novice DrTm (D:6)
  Prince Ribbit (D:7)
  3 hippogriffs
  Sigmund (D:3)
  8 yaks (D:9)
  3 wargs (D:9)
  Duvessa (D:7)
  5 orc warriors
  2 ice beasts
  4 sky beasts
  A black bear (D:6)
  A phantom (D:10)
  A wolf (Lair:1)
  6 centaurs
  4 ogres
  2 big kobolds
  Blork the orc (D:5)
  4 bullfrogs
  A water moccasin zombie (D:5)
  9 killer bees
  5 scorpions
  Dowan (D:7)
  3 wights (D:10)
  2 howler monkeys
  3 crimson imps
  2 centaur zombies
  A human zombie (Ossuary)
  7 orc priests
  6 hounds
  A centaur skeleton (D:10)
  An iguana (D:10)
  5 orc wizards
  Crazy Yiuf (D:7)
  2 bullfrog skeletons
  12 worker ants
  A killer bee zombie (D:10)
  3 big kobold zombies (Ossuary)
  A hound zombie (D:7)
  2 hound skeletons
  4 mummies (Ossuary)
  11 gnolls
  20 adders
  3 river rats (D:4)
  3 shadow imps
  A white imp (D:5)
  A worm (D:4)
  A dart slug (D:1)
  6 leopard geckos
  30 orcs
  A ball python (D:1)
  5 giant cockroaches
  2 gnoll zombies (Ossuary)
  4 goblins
  11 hobgoblins
  9 jackals
  5 quokkas
  8 bats
  2 frilled lizards
  A giant cockroach zombie (D:2)
  17 kobolds
  A kobold zombie (Ossuary)
  9 rats
274 creatures vanquished.

Vanquished Creatures (collateral kills)
  2 hungry ghosts
  A crimson imp (D:5)
  A worker ant (D:9)
  A shadow imp (D:9)
  2 orcs
  2 jackals (D:6)
9 creatures vanquished.

Grand Total: 283 creatures vanquished

Notes
Turn   | Place    | Note
-------+----------+-------------------------------------------
     0 | D:1      | nono the Ogre Fighter began the quest for the Orb.
     0 | D:1      | Reached XP level 1. HP: 24/24 MP: 1/1
    53 | D:1      | Reached XP level 2. HP: 19/33 MP: 2/2
   327 | D:1      | Reached skill level 5 in Fighting
   538 | D:1      | Reached XP level 3. HP: 42/42 MP: 3/3
   918 | D:1      | Reached skill level 6 in Fighting
  1430 | D:2      | Reached XP level 4. HP: 45/53 MP: 4/4
  2313 | D:3      | Reached skill level 7 in Fighting
  2580 | D:3      | Noticed Sigmund
  2591 | D:3      | Killed Sigmund
  2591 | D:3      | Reached skill level 8 in Fighting
  2591 | D:3      | Reached XP level 5. HP: 22/66 MP: 5/5
  2591 | D:3      | Reached XP level 6. HP: 25/74 MP: 6/6
  2965 | D:3      | Noticed Grinder
  3052 | D:4      | Found a shadowy altar of Dithmenos.
  3078 | D:4      | Reached skill level 9 in Fighting
  4200 | D:4      | Reached XP level 7. HP: 34/83 MP: 7/7
  5247 | D:4      | Found a shadowy altar of Dithmenos.
  5336 | D:5      | Entered Level 5 of the Dungeon
  5355 | D:5      | Reached skill level 10 in Fighting
  5735 | D:5      | Reached XP level 8. HP: 17/96 MP: 8/8
  6150 | D:5      | Learned a level 1 spell: Animate Skeleton
  6198 | D:5      | Reached skill level 1 in Spellcasting
  6260 | D:5      | Noticed Blork the orc
  6271 | D:5      | Killed Blork the orc
  6271 | D:5      | Reached skill level 1 in Necromancy
  6634 | D:5      | Found a deep blue altar of Sif Muna.
  6634 | D:5      | Found a glowing golden altar of the Shining One.
  6634 | D:5      | Found a shimmering altar of Xom.
  6635 | D:5      | Found an iron altar of Okawaru.
  6636 | D:5      | Found a burning altar of Makhleb.
  6636 | D:5      | Found a stormy altar of Qazlal.
  6636 | D:5      | Found a hazy altar of Hepliaklqana.
  6659 | D:5      | Became a worshipper of Warmaster Okawaru
  6996 | D:5      | Found a staircase to the Ecumenical Temple.
  7002 | Temple   | Entered the Ecumenical Temple
  7059 | D:5      | Found Boilufie's Assorted Antiques.
  7063 | D:5      | Bought a slimy halberd for 180 gold pieces
  7068 | D:5      | Identified the +9 halberd of Hul Per {antimagic, MR+ Str-2 Int+7} (You bought it in a shop on level 5 of the Dungeon)
  7252 | D:6      | Reached skill level 1 in Polearms
  7376 | D:6      | Noticed Demitroll's ghost (novice DrTm)
  7388 | D:6      | Killed Demitroll's ghost
  7388 | D:6      | Reached * piety under Okawaru
  7388 | D:6      | Reached XP level 9. HP: 62/102 MP: 4/13
  7401 | D:6      | Reached skill level 5 in Polearms
  7431 | D:6      | Learned a level 1 spell: Apportation
  7433 | D:6      | Learned a level 1 spell: Summon Small Mammal
  7979 | D:7      | Reached ** piety under Okawaru
  8919 | D:7      | Noticed Prince Ribbit
  8924 | D:7      | Killed Prince Ribbit
  8930 | D:7      | Found a runed door.
  8934 | D:7      | Noticed Crazy Yiuf
  8938 | D:7      | Killed Crazy Yiuf
  8938 | D:7      | Reached *** piety under Okawaru
  8991 | D:7      | Noticed Dowan
  9003 | D:7      | Killed Dowan
  9017 | D:7      | Reached skill level 11 in Fighting
  9019 | D:7      | Noticed Duvessa
  9029 | D:7      | Killed Duvessa
  9029 | D:7      | Reached XP level 10. HP: 76/113 MP: 4/14
  9180 | D:7      | Found an ancient bone altar of Kikubaaqudgha.
  9246 | D:7      | Found Orchout's Armour Shop.
  9544 | D:8      | Found a sand-covered staircase.
  9549 | Ossuary  | Entered an ossuary
 10108 | D:8      | Noticed a two-headed ogre
 10114 | D:8      | Killed a two-headed ogre
 10114 | D:8      | Reached **** piety under Okawaru
 10114 | D:8      | Reached skill level 12 in Fighting
 10114 | D:8      | Reached skill level 10 in Polearms
 10751 | D:9      | Found a staircase to the Lair.
 10851 | D:9      | Reached skill level 13 in Fighting
 11123 | D:9      | Reached ***** piety under Okawaru
 11123 | D:9      | Reached XP level 11. HP: 74/127 MP: 5/15
 11370 | D:10     | Entered Level 10 of the Dungeon
 11607 | D:10     | Reached skill level 14 in Fighting
 12044 | D:10     | Identified the Disquisition on Confrontation and Stones
 12048 | D:10     | Learned a level 1 spell: Sting
 12283 | D:11     | Received a gift from Okawaru
 12543 | Lair:1   | Entered Level 1 of the Lair of Beasts
 12549 | Lair:1   | Noticed a five-headed hydra
 12559 | Lair:1   | HP: 1/196 [nine-headed hydra (12)]
 12559 | Lair:1   | Mangled by a nine-headed hydra

Vault maps used:
D:1:      nicolae_arrival_washed_ashore
D:2:      st_stairs_10, minmay_misc_feat_chi
D:3:      uniq_sigmund, uniq_grinder
D:4:      marbit_many_paths, lightli_sewer_entry_pipes,
          nicolae_dithmenos_the_darkroom
D:5:      grunt_temple_overflow_open, minmay_temple_entry_enclosed_plants,
          first_ration, serial_shops, shop, minmay_fire_ice_demons,
          uniq_blork_the_orc
D:7:      lemuel_round_altar, serial_shops, kennysheep_mini_moat, uniq_duvessa,
          uniq_crazy_yiuf_cottage, uniq_prince_ribbit1
D:8:      enter_ossuary_2
D:9:      erik_lair_orcish_takeover
D:11:     hangedman_ranch
Temple:   nicolae_temple_god_jail
Lair:1:   worms_lemuel
Ossuary:  ossuary_crypta

Skill      XL: |  1  2  3  4  5  6  7  8  9 10 11 |
---------------+----------------------------------+-----
Fighting       | 5 6 8 9 10 11 13 14 | 14.4
Maces & Flails | 2 4 |  4.6
Spellcasting   | 2 |  2.9
Necromancy     | 2 |  2.3
Polearms       | 4 9 11 | 11.8
Dodging        | |  2.6
Shields        | |  2.6

Action                   |  1- 3 |  4- 6 |  7- 9 | 10-12 || total
-------------------------+-------+-------+-------+-------++-------
Melee: Flail             |   139 |   182 |    46 |       ||   367
       Dagger            |       |       |   132 |       ||   132
       Halberd           |       |       |   141 |   366 ||   507
 Cast: Animate Skeleton  |       |       |    15 |    14 ||    29
       Summon Small Mamm |       |       |       |     3 ||     3
Invok: Heroism           |       |       |     2 |     4 ||     6
  Use: Potion            |       |     3 |     2 |     1 ||     6
       Scroll            |       |       |     7 |     7 ||    14
 Stab: Sleeping          |       |     1 |       |       ||     1
       Distracted        |       |       |       |     1 ||     1
  Eat: Chunk             |     1 |    10 |    17 |    14 ||    42
Armor: Robe              |    45 |    26 |    70 |    98 ||   239
Dodge: Dodged            |    55 |    58 |   117 |   136 ||   366
Block: Shield            |    66 |    87 |    74 |       ||   227

Table legend:
 A = Spawn XP
 B = Non-spawn XP
 C = Spawn XP percentage of total XP
 D = Spawn monster count
 E = Non-spawn monster count
 F = Spawn count percentage of total count
 G = Total turns spent on level
                    A         B        C        D         E        F      G
               +---------+---------+-------+---------+---------+-------+---------
         Total |       0 |   13281 |   0.0 |       0 |     283 |   0.0 | 12559
               +---------+---------+-------+---------+---------+-------+---------
           D:1 |       0 |      62 |   0.0 |       0 |      27 |   0.0 |  1037
           D:2 |       0 |      52 |   0.0 |       0 |      16 |   0.0 |   947
           D:3 |       0 |     284 |   0.0 |       0 |      15 |   0.0 |  1322
           D:4 |       0 |     409 |   0.0 |       0 |      28 |   0.0 |  2035
           D:5 |       0 |    1038 |   0.0 |       0 |      20 |   0.0 |  1815
           D:6 |       0 |    1195 |   0.0 |       0 |      25 |   0.0 |   799
           D:7 |       0 |    1950 |   0.0 |       0 |      38 |   0.0 |  1570
           D:8 |       0 |    1542 |   0.0 |       0 |      21 |   0.0 |   730
           D:9 |       0 |    3719 |   0.0 |       0 |      42 |   0.0 |   877
          D:10 |       0 |    2163 |   0.0 |       0 |      32 |   0.0 |  1054
          D:11 |       0 |     410 |   0.0 |       0 |       5 |   0.0 |    85
        Lair:1 |       0 |     212 |   0.0 |       0 |       2 |   0.0 |    16
       Ossuary |       0 |     245 |   0.0 |       0 |      12 |   0.0 |   259
               +---------+---------+-------+---------+---------+-------+---------
